 Dungeon Crawl Stone Soup version 0.28.0 (webtiles) character file.

Game seed: 16700314417456524729

22 sanka the Magician (level 2, 16/16 HPs)
             Began as a Deep Elf Transmuter on Feb 8, 2022.
             Was a Follower of Sif Muna.
             Quit the game on level 1 of the Dungeon.
             The game lasted 00:01:36 (918 turns).

sanka the Magician (Deep Elf Transmuter)             Turns: 918, Time: 00:01:37

Health: 16/16      AC:  2    Str: 13    XL:     2   Next: 68%
Magic:  9/9        EV: 12    Int: 17    God:    Sif Muna [*.....]
Gold:   29         SH:  0    Dex: 15    Spells: 9/10 levels left

rFire   . . .      SeeInvis .     - Unarmed
rCold   . . .      Faith    .   (no shield)
rNeg    . . .      Spirit   .   a - +0 robe
rPois   .          Reflect  .   (no helmet)
rElec   .          Harm     .   (no cloak)
rCorr   .          Rampage  .   (no gloves)
Will    .....                   (no boots)
Stlth   +.........              (no amulet)
HPRegen 0.05/turn               d - +6 ring of strength
MPRegen 0.11/turn               (no ring)

@: no status effects
A: no striking features
a: Renounce Religion, Channel Magic


You were on level 1 of the Dungeon.
You worshipped Sif Muna.
Sif Muna was aware of your devotion.
You visited 1 branch of the dungeon, and saw 1 of its levels.

You collected 29 gold pieces.

Inventory:

Armour
 a - a +0 robe (worn)
Jewellery
 d - a +6 ring of strength (left hand)
Scrolls
 e - a scroll of vulnerability {unknown}
Potions
 b - a potion of might {unknown}
 c - a potion of curing {unknown}


   Skills:
 - Level 0.7 Fighting
 - Level 2.4 Dodging
 - Level 2.4 Unarmed Combat
 + Level 4.6 Spellcasting
 - Level 2.1 Transmutations


You had 9 spell levels left.
You knew the following spells:

 Your Spells              Type           Power      Damage    Failure   Level
a - Beastly Appendage     Tmut           22%        N/A       6%          1

Your spell library contained the following spells:

 Spells                   Type           Power      Damage    Failure   Level
 Wereblood                Tmut           11%        N/A       9%          2
 Spider Form              Tmut/Pois      7%         N/A       28%         3
 Ice Form                 Ice/Tmut       7%         N/A       67%         4


Dungeon Overview and Level Annotations

Branches:
Dungeon (1/15)

Altars:
Sif Muna


Message History

Magic restored.
An endoplasm and a kobold come into view.
Found a falchion.
The kobold shouts!
There are monsters nearby!
You extend your transformation's duration.
The endoplasm quivers.
You see here a bat corpse.
Your transformation is almost over.
The endoplasm jiggles.
You see here a giant cockroach corpse.
You extend your transformation's duration.
You barely miss the kobold. Your kick misses the kobold.
The kobold hits you but does no damage.
You hit the kobold but do no damage. The kobold hits you but does no damage.
You closely miss the kobold. You claw the kobold.
You kill the kobold!
You hit the endoplasm but do no damage. You claw the endoplasm.
You headbutt the endoplasm.
You kill the endoplasm!
No target in view!
No target in view!
Things that are here:
a +0 dagger; a giant cockroach corpse Your transformation is almost over.
There is a stone staircase leading down here.
d - a +6 ring of strength You feel stronger.
d - a +6 ring of strength (left hand)
Found a hunting sling.
Your horns disappear.
Your talons disappear.
e - a scroll labelled KOEWIM VUMP
Found a faded altar of an unknown god.
There is a faded altar of an unknown god here.
You cannot tell which god this altar belongs to.
Convert to them anyway?
Sif Muna accepts your prayer! Sif Muna welcomes you!
You can now call upon Sif Muna for magical energy.
Okay, then.
Are you sure you want to abandon this character and quit the game? (Confirm with "yes".)

#.# #.##.#.# #.# #.#
#.##.#.# #.# #.#
#.##.#.# #.# ##.#
#......# #.# #..#
####.......... #.#
#.## ########### #.#
#.# ##### # #.#
#.############⌠#⌠#⌠#.#
#.#
#...............@....#
#.#
#..###########⌠#⌠#⌠###
#.####### #..# ##### #
#........ #..###
########. ....)# #.
##.#.# ..# #. #.#.#
#.# #. #.#.# #.# #.
##.#.# #.# #.# #.


There were no monsters in sight!

Vanquished Creatures
  2 ball pythons (D:1)
  3 endoplasms (D:1)
  2 giant cockroaches (D:1)
  2 goblins (D:1)
  A hobgoblin (D:1)
  A quokka (D:1)
  4 bats (D:1)
  4 kobolds (D:1)
19 creatures vanquished.

Notes
Turn   | Place    | Note
-------+----------+-------------------------------------------
     0 | D:1      | sanka the Deep Elf Transmuter began the quest for the Orb.
     0 | D:1      | Reached XP level 1. HP: 11/11 MP: 6/6
   436 | D:1      | Reached skill level 4 in Spellcasting
   436 | D:1      | Reached XP level 2. HP: 14/16 MP: 7/9
   909 | D:1      | Found a faded altar of an unknown god.
   917 | D:1      | Prayed at the altar of an unknown god.
   917 | D:1      | Became a worshipper of Sif Muna the Loreminder
   917 | D:1      | Reached * piety under Sif Muna
   918 | D:1      | Quit the game

Illustrated notes

Levels and vault maps discovered:
D:1:      heliophobic_arrival_dark_side_of_the_moon, layout_loops_ring,
          ebering_ecumenical_altar_hall

Skill      XL: |  1 |
---------------+----+-----
Spellcasting   | 4 |  4.6
Fighting       | |  0.7
Dodging        | |  2.4
Unarmed Combat | |  2.4
Transmutations | |  2.1

Action                   || total
-------------------------++-------
Melee: Unarmed           ||    53
       Kick              ||    14
       Headbutt          ||     6
       Punch             ||     2
 Cast: Beastly Appendage ||    15
 Stab: Sleeping          ||     1
Armor: Robe              ||    14
Dodge: Dodged            ||    31
